AoeStats
← Ashen One

Glade

513507946Analyzed
1v1 RM · 5d ago on Oct 14, 2026· 21m 47s· 2 players
Game mode
Random Map
Map size
Tiny (2 player)
Population
200
Speed
Normal
Resources
Standard
Victory
Conquest
Starting age
Dark Age
Ending age
Imperial Age
RankedLock teamsTeams togetherTeam positionsShared explorationLock speedFull tech treeHidden civsTurbo modeCheats
Victory
Defeat
🇨🇱 Bulgarians · Chile
1164
+18
vs
🇷🇺 Koreans · Russia
1208
-18
Chispa'!
8:05 Loom
10:07 Feudal Age
10:59 Double-Bit Axe
15:41 Castle Age
14:49 Fletching
16:47 Scale Mail Armor
17:53 Gambesons
18:28 Bodkin Arrow
Ashen One
6:41 Loom
9:02 Feudal Age
10:03 Double-Bit Axe
19:36 Castle Age
17:52 Stone Mining
17:52 Gold Mining
20:28 Wheelbarrow
Connection lost

Rejoining the realm…

Still unreachable

The connection could not be restored.

Session expired

The server has moved on; the page needs a fresh start.